 Dungeon Crawl Stone Soup version 0.27-a0-887-gcab673c142 (webtiles) character file.

Game seed: 12229697957174700978

173 mhtbhm the Covered (level 5, -10/47 HPs)
             Began as a Minotaur Fighter on Apr 3, 2021.
             Was a Believer of Lugonu.
             Mangled by an ogre
             ... wielding a +0 giant club
              (25 damage)
             ... on level 4 of the Dungeon.
             The game lasted 00:03:19 (3038 turns).

mhtbhm the Covered (Minotaur Fighter)               Turns: 3038, Time: 00:03:20

Health: -10/47     AC:  8    Str: 22    XL:     5   Next: 28%
Magic:  4/4        EV:  6    Int:  5    God:    Lugonu [**....]
Gold:   116        SH: 15    Dex: 15    Spells: 4/4 levels left

rFire    . . .     SeeInvis .   a - +0 war axe
rCold    . . .     Faith    .   c - +0 tower shield
rNeg     . . .     Spirit   .   b - +0 scale mail
rPois    .         Reflect  .   (helmet restricted)
rElec    .         Harm     .   g - +0 cloak
rCorr    .         Rampage  .   (no gloves)
Will     .....                  (no boots)
Stlth    ..........             (no amulet)
HPRegen  0.15/turn              e - +6 ring of dexterity
MPRegen  0.09/turn              (no ring)

@: attractive
A: horns 2, retaliatory headbutt
a: Renounce Religion, Depart the Abyss, Bend Space


You were on level 4 of the Dungeon.
You worshipped Lugonu.
Lugonu was pleased with you.
You visited 1 branch of the dungeon, and saw 4 of its levels.

You collected 116 gold pieces.

Inventory:

Hand Weapons
 a - a +0 war axe (weapon)
Missiles
 p - 14 poisoned darts (quivered)
Armour
 b - a +0 scale mail (worn)
 c - a +0 tower shield (worn)
 g - a +0 cloak (worn)
Jewellery
 e - a +6 ring of dexterity (left hand)
Scrolls
 h - 3 scrolls of identify {unknown}
 i - a scroll of silence {unknown}
 l - a scroll of magic mapping {unknown}
 m - 2 scrolls of teleportation {unknown}
 n - 2 scrolls of fog {unknown}
Potions
 d - 3 potions of might
 f - a potion of attraction
 j - a potion of haste {unknown}
 k - a potion of heal wounds {unknown}
 o - a potion of curing
 q - a potion of cancellation {unknown}


   Skills:
 + Level 4.3 Fighting
 + Level 4.2 Axes
 + Level 5.0 Armour
 + Level 1.0 Dodging
 + Level 0.1 Stealth
 + Level 4.3 Shields


You had 4 spell levels left.
You didn't know any spells.
Your spell library contained the following spells:

 Spells                   Type           Power      Damage    Failure   Level
 Animate Skeleton         Necr           0%         N/A       100%        1
 Apportation              Tloc           0%         N/A       100%        1
 Corona                   Hex            0%         N/A       100%        1
 Summon Small Mammal      Summ           0%         N/A       100%        1


Dungeon Overview and Level Annotations

Branches:
Dungeon (4/15)
 Temple: D:4-7

Altars:
Lugonu

Annotations:
D:4 Edmund


Innate Abilities, Weirdness & Mutations

You have a pair of horns on your head.
You reflexively headbutt those who attack you in melee.


Message History

Found a golden potion.
There are monsters nearby!
There are monsters nearby!
The orc shouts!
A hound comes into view.
You block Edmund's attack.
You barely miss Edmund.
The hound barks!
You headbutt Edmund.
Edmund is lightly wounded.
Edmund hits you with a +1 dire flail of holy wrath!
You block Edmund's attack.
You closely miss Edmund. Your headbutt misses Edmund.
Edmund is lightly wounded.
You block Edmund's attack.
You hit Edmund but do no damage.
Edmund is lightly wounded.
You slash the ogre! You block Edmund's attack. You block the ogre's attack.
Edmund hits you with a +1 dire flail of holy wrath!
The hound bites you. The ogre hits you with a +0 giant club!
* * * LOW HITPOINT WARNING * * *
You are too injured to fight recklessly!
You are too injured to fight recklessly!
You are too injured to fight recklessly!
You are too injured to fight recklessly!
You are too injured to fight recklessly!
You are too injured to fight recklessly!
You are too injured to fight recklessly!
Unknown command.
Okay, then.
Okay, then.
You block the hound's attack. x2
It was a potion of attraction.
You feel attractive to monsters. The ogre closely misses you.
You furiously retaliate!
You headbutt the ogre. The orc is pulled toward you!
It was a potion of curing.
You feel better.
The ogre hits you with a +0 giant club!!
Ouch! That really hurt!
You die...

.......## .#
........##.#
........#.#
..........#
........#.##
.......@#.@#
......!.#oh#
........##O#
......####@#######
.....# #.#.....##
##### ##........#
##.........##
##...........#
##(...........#
##.............#
#..............#
#...........<..#


You could see Edmund, an ogre, a hound and an orc.

Vanquished Creatures
  A bullfrog (D:4)
  3 gnolls (D:3)
  3 adders
  A worm (D:2)
  3 dart slugs
  2 orcs (D:3)
  9 ball pythons
  An endoplasm (D:1)
  2 giant cockroaches
  2 goblins (D:2)
  2 hobgoblins
  3 bats
  2 frilled lizards
  4 kobolds
  6 rats
44 creatures vanquished.

Notes
Turn   | Place    | Note
-------+----------+-------------------------------------------
     0 | D:1      | mhtbhm the Minotaur Fighter began the quest for the Orb.
     0 | D:1      | Reached XP level 1. HP: 19/19 MP: 0/0
   399 | D:1      | Reached XP level 2. HP: 27/27 MP: 1/1
   579 | D:1      | Reached skill level 4 in Armour
   706 | D:1      | Upgraded the game from 0.27-a0-869-g165b36e3f0 to
                  | 0.27-a0-887-gcab673c142
  1423 | D:2      | Reached XP level 3. HP: 33/33 MP: 2/2
  2205 | D:3      | Reached XP level 4. HP: 25/40 MP: 3/3
  2409 | D:3      | Found a faded altar of an unknown god.
  2958 | D:3      | Became a worshipper of Lugonu the Unformed
  2958 | D:3      | Reached * piety under Lugonu
  2958 | D:3      | Reached ** piety under Lugonu
  2971 | D:4      | Noticed a bullfrog
  2976 | D:4      | Killed a bullfrog
  2977 | D:4      | Reached skill level 5 in Armour
  2977 | D:4      | Reached skill level 1 in Dodging
  2977 | D:4      | Reached XP level 5. HP: 42/47 MP: 4/4
  3024 | D:4      | Noticed Edmund
  3024 | D:4      | Noticed an ogre
  3038 | D:4      | Mangled by an ogre

Illustrated notes

Levels and vault maps discovered:
D:1:      matt_arrival_spirals, layout_loops_ring, solitary_fountain
D:2:      kennysheep_six_static_rooms, layout_basic, wad_floor_pattern_2
D:3:      layout_loops_ring, basic_ecumenical_altar
D:4:      layout_cave_pods, overflow_temple_1_default, serial_shops,
          nicolae_shop_waterfront, uniq_edmund, uniq_crazy_yiuf_cottage

Skill      XL: |  1  2  3  4 |
---------------+-------------+-----
Fighting       | 4 |  4.3
Armour         | 4 5 |  5.0
Shields        | 4 |  4.3
Axes           | 3 4 |  4.2
Dodging        | 1 |  1.0
Stealth        | |  0.1

Action                   |  1- 3 |  4- 6 || total
-------------------------+-------+-------++-------
Melee: War axe           |    60 |    36 ||    96
       Headbutt          |    13 |     8 ||    21
  Use: Potion            |       |     2 ||     2
Armor: Scale mail        |    24 |    14 ||    38
Dodge: Dodged            |    18 |     5 ||    23
Block: Kite shield       |    22 |       ||    22
       Tower shield      |     8 |    47 ||    55

Table legend: (Time is in decaauts)
 A = Elapsed time spent in this place.
 B = Non-inter-level travel time spent in this place.
 C = Inter-level travel time spent in this place.
 D = Time resting spent in this place.
 E = Time spent auto-exploring this place.
 F = Levels seen in this place.
 G = Mean time per level.
                   A        B        C        D        E       F      G
               +--------+--------+--------+--------+--------+-----+--------+
         Total |   3100 |   3034 |     66 |    297 |   2301 |   4 |  775.0 |
       Dungeon |   3100 |   3034 |     66 |    297 |   2301 |   4 |  775.0 |
               +--------+--------+--------+--------+--------+-----+--------+

Top non-repeatable levels by time:
     D:1: 1179 daAuts
     D:2: 1011 daAuts
     D:3: 839 daAuts
     D:4: 71 daAuts
